 Dungeon Crawl Stone Soup version 0.31-a0-44-g49d609d0da (webtiles) character file.

Game seed: 2025107188762628307

383 Sabo the Shield-Bearer (level 7, -4/55 HPs)
             Began as a Formicid Fighter on May 20, 2023.
             Slain by thug444's ghost (12 damage)
             ... on level 4 of the Dungeon.
             The game lasted 00:16:36 (3171 turns).

Sabo the Shield-Bearer (Formicid Fighter)           Turns: 3171, Time: 00:16:36

Health: -4/55      AC: 10    Str: 25    XL:     7   Next: 5%
Magic:  7/7        EV:  9    Int:  6    God:
Gold:   119        SH:  5    Dex: 14    Spells: 6/6 levels left

rFire   . . .        a - +0 war axe
rCold   . . .        c - +0 buckler
rNeg    . . .        f - +0 chain mail
rPois   .            (helmet unavailable)
rElec   .            (no cloak)
rCorr   .            (no gloves)
SInv    +            e - +0 pair of boots
Will    .....        (no amulet) Stlth
                     (no ring)
HPRegen 0.29/turn    (no ring)
MPRegen 0.10/turn

%: no passive effects
@: mighty
A: permanent stasis, dig shafts and tunnels, antennae 3, four strong arms,
talons 1, strong 1
a: Dig, Shaft Self


You were on level 4 of the Dungeon.
You visited 1 branch of the dungeon, and saw 4 of its levels.

You collected 119 gold pieces.

Inventory:

Hand Weapons
 a - a +0 war axe (weapon)
 i - a +2 dagger of venom
Missiles
 h - 2 poisoned darts (quivered)
 l - 2 javelins
Armour
 b - a +0 scale mail
 c - a +0 buckler (worn)
 e - a +0 pair of boots (worn)
 f - a +0 chain mail (worn)
Scrolls
 k - a scroll of enchant weapon
 m - a scroll of poison
 o - a scroll of immolation {unknown}
 q - a scroll of blinking {unknown}
Potions
 g - 2 potions of haste {unknown}
 j - a potion of berserk rage {unknown}
 n - 2 potions of magic {unknown}
 p - a potion of lignification {unknown}


   Skills:
 + Level 4.5 Fighting
 + Level 4.1 Axes
 + Level 0.6 Throwing
 + Level 4.5 Armour
 + Level 1.1 Dodging
 + Level 1.2 Stealth
 + Level 5.6 Shields


You had 6 spell levels left.
You didn't know any spells.
Your spell library contained the following spells:

 Spells                   Type           Power      Damage    Failure   Level
 Necrotise                Necr           0%         1d4       96%         1
 Scorch                   Fire           0%         2d5       99%         2
 Vampiric Draining        Necr           0%         2d6       100%        3
 Flame Wave               Conj/Fire      0%         2d4       100%        4
 Manifold Assault         Tloc           0%         N/A       100%        4
 Agony                    Necr           0%         N/A       100%        5
 Summon Cactus Giant      Summ           0%         N/A       100%        6
 Storm Form               Tmut/Air       0%         N/A       100%        7
 Blink                    Tloc           Unusable   N/A       N/A         2

Dungeon Overview and Level Annotations

Branches:
Dungeon (4/15)
 Temple: D:4-7

Altars:
Kikubaaqudgha

Annotations:
D:4 thug444's ghost, amateur OgBe


Innate Abilities, Weirdness & Mutations

You cannot be hasted, slowed, berserked, paralysed or teleported.
You can dig through walls and to a lower floor.
You have a pair of large antennae on your head. (SInv)
Your four strong arms can wield two-handed weapons with a shield.
You have sharp toenails.
Your muscles are strong. (Str +4, Int/Dex -1)


Message History

The white imp is severely wounded.
The white imp gestures at you. You block the puff of frost.
You closely miss the white imp.
The white imp is severely wounded.
You slash thug444's ghost!
You hear the brisk hiss of a distant avalanche of sand.
Thug444's ghost hits you! The white imp gestures at you.
The puff of frost hits you but does no damage.
Thug444's ghost hits you.
* * * LOW HITPOINT WARNING * * *
The white imp hits you but does no damage.
You slash thug444's ghost!
Thug444's ghost is moderately damaged.
You closely miss the white imp. You block thug444's ghost's attack.
The white imp hits you but does no damage.
You barely miss thug444's ghost.
Thug444's ghost is moderately damaged.
You slash the white imp!
You kill the white imp!
Thug444's ghost barely misses you.
You barely miss thug444's ghost.
Thug444's ghost is moderately damaged.
You slash the howler monkey simulacrum!
The howler monkey simulacrum vaporises!
Thug444's ghost hits you.
* * * LOW HITPOINT WARNING * * *
Thug444's ghost hits you but does no damage.
You closely miss thug444's ghost.
Thug444's ghost is moderately damaged.
Thug444's ghost hits you.
* * * LOW HITPOINT WARNING * * *
You barely miss thug444's ghost.
Thug444's ghost is moderately damaged.
Thug444's ghost barely misses you.
You slice thug444's ghost!!
Thug444's ghost is heavily damaged.
Thug444's ghost hits you!
You die...

.....................###
.....................>.#
....................###.
............#...##..# ..
...............###..#..#
......###......###..#.#
###..##.#####........#
#..#......###..)...#
#..##.@......##.....##
#.#.#.W°###....##.##..#
.# #.... ##....#.# #.##
##.... #....#.###...
#.....##...'.......
.#...=.!#...'...##..
.##.#...$#...'..#.... ..
.. ...##...#....... ..
.# #....#.......


You could see thug444's ghost.

Vanquished Creatures
  A hound (D:4)
  An iguana (D:4)
  Natasha (thrice) (D:2)
  8 adders
  7 gnolls
  A hound simulacrum (D:4)
  2 white imps (D:4)
  A howler monkey simulacrum (D:4)
  2 worms (D:2)
  3 dart slugs
  An adder simulacrum (D:4)
  2 orcs (D:4)
  7 ball pythons
  8 endoplasms
  2 giant cockroaches
  4 goblins
  10 hobgoblins
  2 jackals (D:2)
  7 kobolds
  2 quokkas
  3 bats
  4 frilled lizards
  3 rats
84 creatures vanquished.

Notes
Turn   | Place    | Note
-------+----------+-------------------------------------------
     0 | D:1      | Sabo the Formicid Fighter began the quest for the Orb.
     0 | D:1      | Reached XP level 1. HP: 18/18 MP: 1/1
   193 | D:1      | Reached XP level 2. HP: 24/24 MP: 2/2
   742 | D:1      | Reached XP level 3. HP: 27/29 MP: 3/3
   845 | D:1      | Found a faded altar of an unknown god.
  1151 | D:2      | Noticed Natasha
  1152 | D:2      | Reached XP level 4. HP: 32/37 MP: 4/4
  1163 | D:2      | HP: 1/37 [gnoll/+0 flail (3)]
  1171 | D:2      | HP: 1/37 [Natasha (3)]
  1172 | D:2      | Killed Natasha
  1173 | D:2      | Reached XP level 5. HP: 2/42 MP: 5/5
  1387 | D:2      | Noticed Natasha
  1393 | D:2      | Killed Natasha
  1394 | D:2      | Reached skill level 5 in Shields
  1456 | D:2      | Found an ancient bone altar of Kikubaaqudgha.
  1494 | D:2      | Noticed Natasha
  1505 | D:2      | Killed Natasha
  2148 | D:3      | Reached skill level 1 in Stealth
  2148 | D:3      | Reached XP level 6. HP: 37/48 MP: 6/6
  2788 | D:3      | Gained mutation: You are weak. (Str -2) [potion of
                  | mutation]
  2788 | D:3      | Gained mutation: Your spells are a little easier to cast,
                  | but a little less powerful. [potion of mutation]
  2788 | D:3      | Lost mutation: You are weak. (Str -2) [potion of mutation]
  2788 | D:3      | Gained mutation: You are agile. (Dex +4, Str/Int -1)
                  | [potion of mutation]
  2789 | D:3      | Lost mutation: You are agile. (Dex +4, Str/Int -1) [potion
                  | of mutation]
  2789 | D:3      | Lost mutation: Your spells are a little easier to cast, but
                  | a little less powerful. [potion of mutation]
  2789 | D:3      | Gained mutation: You are dopey. (Int -2) [potion of
                  | mutation]
  2790 | D:3      | Lost mutation: You are dopey. (Int -2) [potion of mutation]
  2790 | D:3      | Gained mutation: Your magical capacity is low. (-10% MP)
                  | [potion of mutation]
  2791 | D:3      | Lost mutation: Your magical capacity is low. (-10% MP)
                  | [potion of mutation]
  2791 | D:3      | Gained mutation: You have sharp toenails. [potion of
                  | mutation]
  2791 | D:3      | Gained mutation: Your muscles are strong. (Str +4, Int/Dex
                  | -1) [potion of mutation]
  2904 | D:4      | Found a runed translucent gate.
  2905 | D:4      | Found a runed translucent gate.
  2906 | D:4      | Found a runed translucent gate.
  2970 | D:4      | Reached skill level 1 in Dodging
  3153 | D:4      | Noticed thug444's ghost (amateur OgBe)
  3161 | D:4      | Reached XP level 7. HP: 28/55 MP: 7/7
  3171 | D:4      | Slain by thug444's ghost

Illustrated notes

Levels and vault maps discovered:
D:1:      onia_arrival_mini_maze, layout_loops_ring,
          chequers_ecumenical_altar_twisty
D:2:      layout_rooms, basic_altar, minivault_26, uniq_natasha
D:3:      layout_basic, columned_hall_lemuel, minmay_misc_feat_five
D:4:      layout_layer_cave, gammafunk_temple_overflow_arena,
          chequers_ossuary_entry_cave, gammafunk_ghost_icy,
          guppyfry_early_lair_pool

Skill      XL: |  1  2  3  4  5  6 |
---------------+-------------------+-----
Armour         | 4 |  4.5
Axes           | 3 4 |  4.1
Fighting       | 4 |  4.5
Shields        | 5 |  5.6
Stealth        | 1 |  1.2
Dodging        | 1 |  1.1
Throwing       | |  0.6

Action                     |  1- 3 |  4- 6 |  7- 9 || total
---------------------------+-------+-------+-------++-------
  Melee: War axe           |    81 |   151 |    10 ||   242
  Throw: Javelin           |       |     2 |       ||     2
         Dart              |       |     1 |       ||     1
    Use: Scroll            |       |     3 |       ||     3
         Potion            |       |     4 |     1 ||     5
 Armour: Scale mail        |    34 |    58 |       ||    92
         Chain mail        |       |    13 |     4 ||    17
  Dodge: Dodged            |    40 |    86 |     3 ||   129
  Block: Buckler           |    26 |    62 |     2 ||    90

Table legend: (Time is in decaauts)
 A = Elapsed time spent in this place.
 B = Non-inter-level travel time spent in this place.
 C = Inter-level travel time spent in this place.
 D = Time resting spent in this place.
 E = Time spent auto-exploring this place.
 F = Levels seen in this place.
 G = Mean time per level.
                   A        B        C        D        E       F      G
               +--------+--------+--------+--------+--------+-----+--------+
         Total |   3263 |   3263 |      0 |    540 |      0 |   4 |  815.8 |
       Dungeon |   3263 |   3263 |      0 |    540 |      0 |   4 |  815.8 |
               +--------+--------+--------+--------+--------+-----+--------+

Top non-repeatable levels by time:
     D:1: 1013 daAuts
     D:3: 962 daAuts
     D:2: 926 daAuts
     D:4: 360 daAuts
